 Dungeon Crawl Stone Soup version 0.25.0-10-g039870ee82 (webtiles) character file.

Game seed: 6952767662206951167

8988 Krehm the Nimble (level 11, -5/58 HPs)
             Began as a Spriggan Enchanter on June 24, 2020.
             Was a Priest of Fedhas.
             Slain by an ice devil (21 damage)
             ... in an ice cave.
             The game lasted 01:20:40 (12716 turns).

Krehm the Nimble (Spriggan Enchanter)              Turns: 12716, Time: 01:20:42

Health: -5/58      AC:  8    Str:  5    XL:     11   Next: 17%
Magic:  12/20      EV: 26    Int: 19    God:    Fedhas [***...]
Gold:   628        SH:  0    Dex: 17    Spells: 11/20 levels left

rFire    . . .     SeeInvis +   F - +1 dagger (venom)
rCold    . . .     Gourm    .   (shield restricted)
rNeg     + . .     Faith    .   t - +2 robe {rN+}
rPois    .         Spirit   .   (helmet restricted)
rElec    .         Reflect  .   (no cloak)
rCorr    .         Harm     .   (gloves unavailable)
MR       +....                  (boots unavailable)
Stlth    +++.......             r - amulet of regeneration
HPRegen  0.59/turn              x - +4 ring of protection
MPRegen  0.17/turn              (no ring)

@: confusing touch, very slightly contaminated, very quick
A: very small, unfitting armour, see invisible, herbivore, speed 3, slow
metabolism 2
a: Wall of Briars, Grow Ballistomycete, Renounce Religion


You were in an ice cave.
You worshipped Fedhas.
Fedhas was most pleased with you.
You were very hungry.

You visited 3 branches of the dungeon, and saw 13 of its levels.
You also visited: Ice Cave.

You collected 628 gold pieces.

Inventory:

Hand Weapons
 F - a +1 dagger of venom (weapon)
Missiles
 j - 31 poisoned darts (quivered)
 y - a throwing net
 E - 3 datura-tipped darts
Armour
 t - a +2 robe of positive energy (worn)
Jewellery
 r - an amulet of regeneration (around neck)
 x - a +4 ring of protection (left hand)
Wands
 a - a wand of polymorph (8)
 c - a wand of acid (4)
 l - a wand of paralysis (24)
 B - a wand of flame (4)
 D - a wand of iceblast (5)
Scrolls
 f - a scroll of teleportation
 h - 2 scrolls of enchant armour {unknown}
 n - 3 scrolls of fear
 o - 2 scrolls of remove curse
 s - a scroll of amnesia {unknown}
 u - a scroll of fog {unknown}
Potions
 e - 6 potions of brilliance
 g - 4 potions of cancellation
 k - a potion of stabbing
 m - a potion of mutation
 p - a potion of heal wounds
 q - a potion of lignification {unknown}
 z - 2 potions of berserk rage
 A - 2 potions of curing
 C - a potion of flight {unknown}
Comestibles
 d - 8 rations


   Skills:
 + Level 7.2 Fighting
 + Level 7.8 Short Blades
 + Level 10.7 Dodging
 - Level 6.0 Stealth
 - Level 5.4 Spellcasting
 - Level 6.0 Hexes
 - Level 2.0 Ice Magic
 + Level 4.5 Invocations
 + Level 9.9 Evocations


You had 11 spell levels left.
You knew the following spells:

 Your Spells              Type           Power        Failure   Level  Hunger
a - Corona                Hex            ####...      1%          1    None
b - Ensorcelled Hibernat  Hex/Ice        ###...       3%          2    None
c - Confusing Touch       Hex            ####....     3%          3    ##.....
d - Tukima's Dance        Hex            ####....     3%          3    ##.....

Your spell library contained the following spells:

 Spells                   Type           Power        Failure   Level  Hunger
 Dazzling Flash           Conj/Hex       ###...       11%         3    ##.....


Dungeon Overview and Level Annotations

Branches:
Dungeon (10/15)            Temple (1/1) D:6            Lair (0/6) D:10
    Orc (2/2) D:9             Elf (0/3) Orc:2         IceCv (1/1)

Altars:
Ashenzari
Cheibriados
Dithmenos
Elyvilon
Fedhas
Gozag
Hepliaklqana
Makhleb
Nemelex Xobeh
Okawaru
Qazlal
Ru
Sif Muna
Trog
Uskayaw
Vehumet
Wu Jian
Xom
Yredelemnul
Zin
The Shining One

Shops:
D:9 (

Annotations:
D:6 2 transporters, exclusion: downstairs, TangoThomas's ghost, amateur DsAK
Orc:2 Maurice IceCv exclusion: 2 ice statues


Innate Abilities, Weirdness & Mutations

You are very small and have problems with some larger weapons.
You are too small for most types of armour.
You have supernaturally acute eyesight. (SInv)
You are a herbivore.
You cover ground extremely quickly.
You need to consume almost no food.


Message History

The ice devil misses you.
Casting: Confusing Touch (dangerous; 3% risk of failure)
Confirm with . or Enter, or press ? or * to list all spells.
Your hands begin to glow red.
The ice devil hits you but does no damage.
The ice devil hits you. The ice devil freezes you!
You hit the ice devil but do no damage. You hit the ice devil but do no damage.
The ice devil hits you! The ice devil freezes you!
The ice devil closely misses you.
You hit the ice devil but do no damage. The ice devil hits you.
The ice devil freezes you!
* * * LOW HITPOINT WARNING * * *
You feel much better.
You hit the ice devil but do no damage.
The ice devil hits the ice devil.
The ice devil freezes the ice devil.
The ice devil completely resists.
The ice devil hits you!
* * * LOW HITPOINT WARNING * * *
The ice devil freezes you!!
You die...
Fedhas appreciates your contribution to the ecosystem.

#....# §##
#....##☼§#
#....#§☼#
##.#4##.§#
#..###...#
#...##..#
#....4..#
#..#.4.##
##..#.@##
#...####
#..##
##..○#
#...##
##..##
#....##
##°°...##
#8......#


You could see 2 ice devils.

Vanquished Creatures
  Snorg (Orc:1)
  Erica (D:8)
  2 two-headed ogres (D:9)
  The ghost of flt the Frost Mage, a novice MfIE (D:7)
  An orc knight (Orc:1)
  An orc sorcerer (Orc:1)
  Joseph (D:8)
  An ice devil (IceCv)
  A troll (Orc:1)
  A wyvern (D:9)
  6 yaks (D:9)
  A hungry ghost (D:10)
  A porcupine (D:10)
  4 orc warriors
  7 ogres
  2 sky beasts
  2 phantoms (D:6)
  4 centaurs
  A big kobold (D:9)
  3 bullfrogs
  A scorpion (D:5)
  6 crimson imps
  A bullfrog zombie (D:6)
  5 hounds
  5 quasits
  A bullfrog skeleton (D:6)
  An iron imp (D:7)
  3 orc priests
  4 orc wizards
  3 iguanas
  4 worker ants
  2 hell rats (D:10)
  A hound zombie (D:7)
  2 hound skeletons
  3 gnolls (D:3)
  11 adders
  2 river rats (D:10)
  3 shadow imps
  3 white imps (IceCv)
  6 ufetubi (IceCv)
  An ooze (D:2)
  An adder zombie (D:8)
  3 worms
  2 dart slugs (D:2)
  5 leopard geckos
  24 orcs
  A ball python (D:1)
  4 giant cockroaches
  8 goblins
  7 hobgoblins
  5 quokkas
  7 bats
  3 frilled lizards
  9 kobolds
  A leopard gecko skeleton (D:4)
  A quokka zombie (D:8)
  7 rats
198 creatures vanquished.

Vanquished Creatures (collateral kills)
  An ogre (D:6)
  An orc (D:6)
2 creatures vanquished.

Vanquished Creatures (others)
  3 dancing weapons
  2 white imps (IceCv)
  5 ufetubi (IceCv)
  A plant (D:6)
11 creatures vanquished.

Grand Total: 211 creatures vanquished

Notes
Turn   | Place    | Note
-------+----------+-------------------------------------------
     0 | D:1      | Krehm the Spriggan Enchanter began the quest for the Orb.
     0 | D:1      | Reached XP level 1. HP: 9/9 MP: 5/5
   429 | D:1      | Reached XP level 2. HP: 14/14 MP: 4/7
   445 | D:1      | Learned a level 2 spell: Ensorcelled Hibernation
   846 | D:1      | Reached skill level 1 in Fighting
   846 | D:1      | Reached XP level 3. HP: 15/18 MP: 3/8
  1270 | D:2      | Reached skill level 1 in Ice Magic
  1430 | D:2      | Reached XP level 4. HP: 22/22 MP: 7/10
  1435 | D:2      | Learned a level 3 spell: Confusing Touch
  2635 | D:3      | Learned a level 3 spell: Tukima's Dance
  2981 | D:3      | You fall into a shaft and drop 3 floors!
  2982 | D:6      | Noticed a centaur
  2982 | D:6      | Noticed an ogre
  2982 | D:6      | Noticed a centaur
  2988 | D:6      | Killed a centaur
  2988 | D:6      | Reached skill level 5 in Hexes
  2988 | D:6      | Reached XP level 5. HP: 18/26 MP: 9/12
  3023 | D:6      | Killed an ogre
  3023 | D:6      | Reached XP level 6. HP: 24/31 MP: 8/13
  3182 | D:6      | Reached skill level 5 in Spellcasting
  3226 | D:6      | Found a staircase to the Ecumenical Temple.
  3236 | Temple   | Entered the Ecumenical Temple
  3401 | Temple   | Became a worshipper of Fedhas Madash
  3453 | D:6      | Reached XP level 7. HP: 36/36 MP: 8/16
  3590 | D:6      | Reached skill level 1 in Evocations
  3645 | D:6      | Reached skill level 1 in Invocations
  3694 | D:5      | Entered Level 5 of the Dungeon
  4858 | D:4      | Found a hide-covered altar of Uskayaw.
  4858 | D:4      | Noticed a -3 hand axe
  4858 | D:4      | Noticed a +0 dagger
  4993 | D:5      | Reached skill level 5 in Stealth
  5098 | D:5      | Found a sparkling altar of Nemelex Xobeh.
  5099 | D:5      | Found a snail-covered altar of Cheibriados.
  5100 | D:5      | Found an opulent altar of Gozag.
  5101 | D:5      | Found a shimmering blue altar of Sif Muna.
  5168 | D:5      | Reached * piety under Fedhas
  5678 | D:5      | Found a sparkling altar of Nemelex Xobeh.
  5679 | D:5      | Found a snail-covered altar of Cheibriados.
  5680 | D:5      | Found an opulent altar of Gozag.
  5681 | D:5      | Found a shimmering blue altar of Sif Muna.
  6109 | D:6      | Reached XP level 8. HP: 35/42 MP: 14/17
  6186 | D:6      | Reached skill level 4 in Dodging
  6352 | D:6      | HP: 2/42 [centaur (5)]
  6715 | D:6      | Noticed TangoThomas's ghost (amateur DsAK)
  6905 | D:6      | Reached skill level 5 in Dodging
  6979 | D:6      | Found a transporter.
  6979 | D:6      | Identified the +1 scale mail of the Hall of Blades {*Drain
                  | Str+5}
  6985 | D:6      | Found a transporter.
  6988 | D:6      | Identified the amulet "Zeongui" {Regen+ SInv}
  7163 | D:7      | Found a sparkling altar of Nemelex Xobeh.
  7398 | D:7      | Found a transporter.
  7399 | D:7      | Noticed flt's ghost (novice MfIE)
  7488 | D:7      | Found a transporter.
  7544 | D:7      | Reached skill level 5 in Evocations
  7680 | D:7      | Found a burning altar of Makhleb.
  7993 | D:7      | Found a bloodstained altar of Trog.
  8604 | D:8      | Reached ** piety under Fedhas
  8628 | D:8      | Reached XP level 9. HP: 46/46 MP: 13/18
  8741 | D:8      | Reached skill level 6 in Dodging
  8892 | D:8      | Noticed Erica
  8962 | D:8      | Noticed Joseph
  8989 | D:8      | Killed Joseph
  8989 | D:8      | Reached skill level 5 in Fighting
  9378 | D:8      | Found a shimmering altar of Xom.
  9378 | D:8      | Found a shimmering altar of Xom.
  9380 | D:8      | Found a shimmering altar of Xom.
  9380 | D:8      | Found a shimmering altar of Xom.
  9381 | D:8      | Found a shimmering altar of Xom.
  9430 | D:8      | Found a shimmering altar of Xom.
  9726 | D:9      | Reached skill level 7 in Dodging
  9811 | D:9      | Found a shattered altar of Ashenzari.
  9886 | D:9      | Found a staircase to the Orcish Mines.
  9887 | D:9      | Found Zopsar's Weapon Shop.
 10030 | D:9      | Noticed a two-headed ogre
 10060 | D:9      | Killed a two-headed ogre
 10060 | D:9      | Reached skill level 5 in Short Blades
 10060 | D:9      | Reached skill level 8 in Dodging
 10328 | D:9      | Reached XP level 10. HP: 52/53 MP: 10/19
 10581 | D:9      | Noticed a two-headed ogre
 10614 | D:9      | Killed a two-headed ogre
 10614 | D:9      | Reached skill level 9 in Dodging
 10973 | D:10     | Entered Level 10 of the Dungeon
 11096 | D:10     | Noticed a death yak
 11099 | D:10     | Noticed a death yak
 11102 | D:10     | Noticed a death yak
 11180 | D:10     | Found a staircase to the Lair.
 11506 | D:8      | Killed Erica
 11804 | D:7      | Reached *** piety under Fedhas
 11806 | D:7      | Killed flt's ghost
 11806 | D:7      | Reached skill level 10 in Dodging
 11921 | Orc:1    | Entered Level 1 of the Orcish Mines
 11968 | Orc:1    | Noticed an orc sorcerer
 11969 | Orc:1    | Noticed an orc knight
 11973 | Orc:1    | Noticed Snorg
 11976 | Orc:1    | Killed an orc sorcerer
 12096 | Orc:1    | Killed Snorg
 12096 | Orc:1    | Reached XP level 11. HP: 34/58 MP: 20/20
 12099 | Orc:1    | Killed an orc knight
 12214 | Orc:1    | You fall into a shaft and drop 1 floor!
 12214 | Orc:2    | Entered Level 2 of the Orcish Mines
 12223 | Orc:2    | Noticed a two-headed ogre
 12224 | Orc:2    | Noticed a two-headed ogre
 12224 | Orc:2    | Noticed a two-headed ogre
 12227 | Orc:2    | Noticed a two-headed ogre
 12249 | Orc:2    | Noticed a two-headed ogre
 12256 | Orc:2    | Noticed a two-headed ogre
 12267 | Orc:2    | Noticed a two-headed ogre
 12267 | Orc:2    | Noticed a two-headed ogre
 12274 | Orc:2    | Noticed an orc knight
 12289 | Orc:2    | Noticed an orc knight
 12295 | Orc:2    | Noticed Maurice
 12295 | Orc:2    | Noticed a two-headed ogre
 12319 | Orc:1    | Found Henlat's Jewellery Boutique.
 12322 | Orc:1    | Found a frozen archway.
 12344 | IceCv    | Entered an ice cave
 12716 | IceCv    | Slain by an ice devil

Illustrated notes

Levels and vault maps discovered:
D:1:      mushboom_english_gardens, layout_rooms
D:2:      layout_loops_ring, first_ration, minmay_3d_cube
D:3:      layout_loops_corners, grunt_decor_one_mirror
D:4:      layout_rooms, dancing_weapons_uskayaw
D:5:      layout_loops_cross, minitemple
D:6:      layout_loops_cross, minmay_temple_entry_overgrown,
          gammafunk_ghost_gnarly_gnolls
D:7:      layout_layer_cave, lightli_temple_of_fire, makhleb_grotto_becter,
          basic_altar, gammafunk_ghost_stat_death, grunt_ogre_cave
D:8:      layout_loops_ring, xom_shifter_show, uniq_erica, uniq_joseph
D:9:      minmay_cornered_nines, layout_stronghold, lemuel_crystal_altar,
          orc_david_3
D:10:     layout_roguey, dpeg_lair_monsters, basic_altar
Temple:   nicolae_temple_figure_eight
Orc:1:    layout_diamond_mine, serial_shops, shop, enter_bailey_2,
          portal_ice_cave_entry_ice_beasts, uniq_snorg
Orc:2:    st_orc_ogre_mass, layout_caves, uniq_maurice
IceCv:    ice_cave_small_demon

Skill      XL: |  1  2  3  4  5  6  7  8  9 10 |
---------------+-------------------------------+-----
Spellcasting   | 3 4 5 |  5.4
Hexes          | 4 5 6 |  6.0
Fighting       | 1 2 3 4 5 7 |  7.2
Ice Magic      | 1 2 |  2.0
Evocations     | 3 5 7 9 |  9.9
Invocations    | 2 3 4 |  4.5
Stealth        | 5 6 |  6.0
Dodging        | 5 8 10 | 10.7
Short Blades   | 3 5 7 |  7.8

Action                   |  1- 3 |  4- 6 |  7- 9 | 10-12 || total
-------------------------+-------+-------+-------+-------++-------
Melee: Dagger            |    73 |   105 |   422 |   256 ||   856
Throw: Dart              |       |     5 |    40 |       ||    45
 Cast: Corona            |    15 |    15 |    45 |     5 ||    80
       Ensorcelled Hiber |     5 |     6 |    44 |     8 ||    63
       Confusing Touch   |       |     3 |    25 |    28 ||    56
       Tukima's Dance    |       |     1 |     7 |     3 ||    11
Invok: Wall of Briars    |       |       |       |     1 ||     1
Evoke: Wand              |       |       |     2 |    10 ||    12
  Use: Scroll            |       |     4 |     3 |    10 ||    17
       Potion            |       |       |       |     7 ||     7
 Stab: Sleeping          |    16 |    13 |    33 |    14 ||    76
       Confused          |       |     4 |    24 |    19 ||    47
  Eat: Ration            |       |       |     5 |     2 ||     7
Armor: Robe              |     1 |     8 |    27 |    34 ||    70
Dodge: Dodged            |    38 |    65 |   301 |   272 ||   676
